 Dungeon Crawl Stone Soup version 0.21.0-3-g78d12a8 (webtiles) character file.

14649 MTVSty1e the Impaler (level 11, -8/80 HPs)
             Began as a Demonspawn Gladiator on Jan 17, 2018.
             Mangled by a nine-headed hydra (10 damage)
             ... on level 11 of the Dungeon.
             The game lasted 00:18:51 (12586 turns).

MTVSty1e the Impaler (Demonspawn Gladiator)        Turns: 12586, Time: 00:18:52

Health: -8/80      AC: 16    Str: 18    XL:     11   Next: 91%
Magic:  11/11      EV: 14    Int: 10    God:
Gold:   615        SH:  0    Dex: 14    Spells: 10/10 levels left

rFire    . . .     SeeInvis +   a - +0 trident (flame)
rCold    + . .     Gourm    .   (no shield)
rNeg     . . .     Faith    .   t - +5 ring mail of Charity {rPois rC+}
rPois    +         Spirit   .   E - +1 hat
rElec    .         Reflect  .   b - +1 cloak
rCorr    .         Harm     .   (no gloves)
MR       +....                  (no boots)
Stlth    +.........             (no amulet)
HPRegen  0.23/turn              N - ring of protection from magic
MPRegen  0.12/turn              v - ring of see invisible

@: no status effects
A: horns 2, iridescent scales 1, powered by death 1
a: no special abilities


You were on level 11 of the Dungeon.
You were not hungry.

You visited 2 branches of the dungeon, and saw 12 of its levels.
You also visited: Sewer.

You collected 615 gold pieces.

Inventory:

Hand Weapons
 a - a +0 trident of flaming (weapon)
 p - a +3 vampiric halberd
Missiles
 d - 6 throwing nets (quivered)
Armour
 b - a +1 cloak (worn)
 g - a +1 helmet
 s - a +0 ring mail
 t - the +5 ring mail of Charity (worn) {rPois rC+}
   (You found it on level 6 of the Dungeon)

   It protects you from cold.
   It protects you from poison.
 A - a +0 helmet of see invisible
 E - a +1 hat (worn)
Jewellery
 e - an uncursed ring of ice
 v - a ring of see invisible (right hand)
 D - an uncursed ring of positive energy
 F - an uncursed ring of wizardry
 N - a ring of protection from magic (left hand)
Wands
 c - a wand of enslavement (14)
 k - a wand of random effects (23)
 w - a wand of iceblast (14)
 B - a wand of paralysis (12)
 H - a wand of polymorph (9)
Scrolls
 h - 3 scrolls of remove curse
 n - 4 scrolls of enchant armour
 r - 2 scrolls of blinking
 y - 3 scrolls of amnesia
 C - 2 scrolls of teleportation
 J - a scroll of magic mapping
 K - 2 scrolls of enchant weapon
 L - a scroll of identify
 M - a scroll of brand weapon
Potions
 i - 3 potions of agility
 j - a potion of invisibility
 l - 4 potions of brilliance
 m - 3 potions of curing
 o - 5 potions of lignification
 q - 2 potions of flight {unknown}
 u - 3 potions of heal wounds
 x - 2 potions of might {unknown}
 I - a potion of degeneration {unknown}
Books
 z - a book of Debilitation

   Spells                             Type                      Level
   a - Corona                         Hexes                        1
   b - Slow                           Hexes                        2
   c - Inner Flame                    Hexes/Fire                   3
   d - Portal Projectile              Hexes/Translocation          3
   e - Cause Fear                     Hexes                        4
   f - Leda's Liquefaction            Hexes/Earth                  4
 G - a book of Changes

   Spells                             Type                      Level
   a - Beastly Appendage              Transmutation                1
   b - Sticks to Snakes               Transmutation                2
   c - Spider Form                    Transmutation/Poison         3
   d - Ice Form                       Ice/Transmutation            4
   e - Blade Hands                    Transmutation                5
Comestibles
 f - 7 rations


   Skills:
 + Level 5.5 Fighting
 * Level 15.2 Polearms
 - Level 1.7 Throwing
 + Level 4.5 Armour
 + Level 5.5 Dodging


You had 10 spell levels left.
You didn't know any spells.

Dungeon Overview and Level Annotations

Branches:
Dungeon (11/15)            Temple (1/1) D:5            Lair (0/6) D:9
    Orc (0/2) D:11

Altars:
Ashenzari
Cheibriados
Dithmenos
Elyvilon
Fedhas
Gozag
Hepliaklqana
Kikubaaqudgha
Makhleb
Nemelex Xobeh
Okawaru
Qazlal
Ru
Sif Muna
Trog
Uskayaw
Vehumet
Wu Jian
Xom
Yredelemnul
Zin
The Shining One

Shops:
D:6 [


Innate Abilities, Weirdness & Mutations

You have a pair of horns on your head.
You are partially covered in iridescent scales. (AC +2)
You regenerate a little health from kills.


Message History

The nine-headed hydra bites you but does no damage. x2
There is a stone staircase leading up, spattered with blood here.
You barely miss the nine-headed hydra.
The nine-headed hydra barely misses you.
The nine-headed hydra bites you. x2; The nine-headed hydra misses you.
The nine-headed hydra bites you but does no damage.
The nine-headed hydra closely misses you.
The nine-headed hydra bites you. x2
The nine-headed hydra barely misses you.
The nine-headed hydra misses you. The nine-headed hydra bites you!
The nine-headed hydra bites you.
* * * LOW HITPOINT WARNING * * *
The nine-headed hydra bites you!
* * * LOW HITPOINT WARNING * * *
The nine-headed hydra misses you.
The nine-headed hydra bites you but does no damage.
The nine-headed hydra bites you!
* * * LOW HITPOINT WARNING * * *
The nine-headed hydra bites you!
You die...

#. #........ ## .## ###.###
.##
.....#######<....#####..
#.#......##.###........#
...#...........# #.#####.##
............##.###.# #.##
######.......#.....#####.##
#....D...........((.##
#....@.W##..#..###(.#
##.........###.###(.##
##.(.####..#........# #####
##...#.##).## #####D##..)#
#.##(.() #.##.### #.##†# #
#.##.#


You could see a nine-headed hydra and a phantom.

Vanquished Creatures
  Gastronok (D:8)
  Erolcha (D:10)
  2 two-headed ogres
  2 unseen horrors
  The ghost of mortelune the Destroyer, a novice DrCj of Vehumet (D:7)
  A gargoyle (D:11)
  A hornet (D:11)
  3 hippogriffs
  A shadow (D:11)
  3 wyverns
  10 yaks
  Eustachio (D:4)
  2 hungry ghosts
  2 black bears
  4 orc warriors
  An eye of draining (D:10)
  6 ice beasts
  4 sky beasts
  2 necrophages
  5 ogres
  2 phantoms
  7 centaurs
  2 big kobolds
  6 bullfrogs
  A gnoll sergeant (D:8)
  2 scorpions
  6 killer bees (D:10)
  7 wights
  3 howler monkeys
  2 crimson imps
  3 jellies
  2 centaur zombies (D:8)
  5 bullfrog skeletons
  A bullfrog zombie (D:11)
  7 hounds
  4 orc priests (D:11)
  A centaur skeleton (D:5)
  Crazy Yiuf (D:3)
  3 iguanas
  11 orc wizards
  5 worker ants
  A killer bee zombie (D:8)
  3 hound zombies
  A hound skeleton (D:10)
  A mummy (D:6)
  Robin (D:2)
  5 gnolls (D:8)
  13 adders
  8 river rats (Sewer)
  2 oozes
  An adder zombie (D:9)
  An adder skeleton (D:4)
  3 worms
  4 dart slugs
  9 leopard geckos
  48 orcs
  7 bats
  9 giant cockroaches
  11 goblins
  11 hobgoblins
  6 jackals
  28 kobolds
  5 quokkas
  7 ball pythons
  6 frilled lizards
  A jackal skeleton (D:5)
  A leopard gecko skeleton (D:4)
  23 rats
350 creatures vanquished.

Vanquished Creatures (others)
  An orc (D:7)
  A plant (D:4)
2 creatures vanquished.

Grand Total: 352 creatures vanquished

Notes
Turn   | Place    | Note
-------+----------+-------------------------------------------
     0 | D:1      | MTVSty1e the Demonspawn Gladiator began the quest for the Orb.
     0 | D:1      | Reached XP level 1. HP: 16/16 MP: 1/1
    24 | D:1      | Reached skill level 3 in Polearms
    71 | D:1      | Gained mutation: You are partially covered in iridescent scales. (AC +2) [demonic ancestry]
    71 | D:1      | Reached XP level 2. HP: 22/22 MP: 2/2
   510 | D:2      | Reached skill level 4 in Polearms
   510 | D:2      | Reached XP level 3. HP: 23/27 MP: 3/3
   974 | D:2      | Reached XP level 4. HP: 27/33 MP: 4/4
  1089 | D:2      | Noticed Robin
  1119 | D:2      | Killed Robin
  1440 | D:3      | Reached skill level 5 in Polearms
  1659 | D:3      | Found an iron altar of Okawaru.
  1743 | D:3      | Reached XP level 5. HP: 38/38 MP: 5/5
  1953 | D:3      | Found a runed door.
  2019 | D:3      | Noticed Crazy Yiuf
  2031 | D:3      | Killed Crazy Yiuf
  2281 | D:4      | Noticed a phantom
  2597 | D:4      | Reached skill level 6 in Polearms
  2621 | D:4      | Found a radiant altar of Vehumet.
  2625 | D:4      | Found a basalt altar of Yredelemnul.
  2657 | D:4      | Found a deep blue altar of Sif Muna.
  2670 | D:4      | Reached XP level 6. HP: 41/44 MP: 6/6
  2758 | D:4      | Found a hide-covered altar of Uskayaw.
  2982 | D:4      | Noticed Eustachio
  3008 | D:4      | Killed Eustachio
  3008 | D:4      | Reached skill level 7 in Polearms
  3043 | D:4      | Reached XP level 7. HP: 49/50 MP: 7/7
  3047 | D:4      | Found a stormy altar of Qazlal.
  3588 | D:4      | You fall through a shaft!
  3588 | D:5      | Entered Level 5 of the Dungeon
  3752 | D:5      | Noticed a hippogriff
  3767 | D:5      | Killed a hippogriff
  3767 | D:5      | Reached skill level 8 in Polearms
  3963 | D:5      | Found a glowing drain.
  3980 | Sewer    | Entered a sewer
  4449 | Sewer    | Reached skill level 9 in Polearms
  4449 | Sewer    | Reached XP level 8. HP: 43/56 MP: 8/8
  4966 | D:5      | Found a staircase to the Ecumenical Temple.
  5058 | Temple   | Entered the Ecumenical Temple
  5683 | D:6      | Reached skill level 10 in Polearms
  5755 | D:6      | Found a snail-covered altar of Cheibriados.
  6033 | D:6      | Identified the +5 ring mail of Charity {rPois rC+} (You found it on level 6 of the Dungeon)
  6247 | D:6      | Found a shadowy altar of Dithmenos.
  6273 | D:6      | Reached skill level 11 in Polearms
  6273 | D:6      | Gained mutation: You have a pair of small horns on your head. [demonic ancestry]
  6273 | D:6      | Reached XP level 9. HP: 56/61 MP: 9/9
  6312 | D:6      | Found a sacrificial altar of Ru.
  6412 | D:6      | Found a bloodstained altar of Trog.
  6499 | D:6      | Found Zammool's Antique Armour Shop.
  7094 | D:7      | Found an ornate altar of the Wu Jian Council.
  7402 | D:7      | Found an opulent altar of Gozag.
  7419 | D:7      | Noticed mortelune's ghost (novice DrCj)
  7442 | D:7      | Killed mortelune's ghost
  7442 | D:7      | Reached skill level 12 in Polearms
  8139 | D:8      | Noticed Gastronok
  8283 | D:8      | Found a shimmering altar of Xom.
  8507 | D:8      | Reached skill level 13 in Polearms
  8595 | D:8      | HP: 1/61 [Gastronok (24)]
  8613 | D:8      | Killed Gastronok
  8613 | D:8      | Reached skill level 14 in Polearms
  8613 | D:8      | Gained mutation: You regenerate a little health from kills. [demonic ancestry]
  8613 | D:8      | Reached XP level 10. HP: 24/67 MP: 10/10
  8817 | D:8      | Identified a scroll of acquirement
  9083 | D:8      | Found a burning altar of Makhleb.
  9139 | D:8      | Noticed a two-headed ogre
  9151 | D:8      | Killed a two-headed ogre
  9151 | D:8      | Reached skill level 1 in Armour
 10131 | D:9      | Found a staircase to the Lair.
 10131 | D:9      | Noticed a two-headed ogre
 10143 | D:9      | Killed a two-headed ogre
 10143 | D:9      | Gained mutation: You have a pair of horns on your head. [demonic ancestry]
 10143 | D:9      | Reached XP level 11. HP: 25/76 MP: 11/11
 10990 | D:10     | Entered Level 10 of the Dungeon
 11381 | D:10     | Noticed Erolcha
 11391 | D:10     | Killed Erolcha
 11490 | D:10     | Noticed an unseen horror
 11494 | D:10     | Killed an unseen horror
 12018 | D:11     | Reached skill level 5 in Dodging
 12028 | D:11     | Reached skill level 5 in Fighting
 12043 | D:11     | Reached skill level 15 in Polearms
 12076 | D:11     | Found a staircase to the Orcish Mines.
 12205 | D:11     | Noticed an unseen horror
 12226 | D:11     | Killed an unseen horror
 12236 | D:11     | Noticed a seven-headed hydra
 12255 | D:11     | HP: 3/80 [nine-headed hydra (3)]
 12255 | D:11     | HP: 1/80 [nine-headed hydra (1)]
 12586 | D:11     | HP: 2/80 [nine-headed hydra (11)]
 12586 | D:11     | Mangled by a nine-headed hydra

Skill      XL: |  1  2  3  4  5  6  7  8  9 10 11 |
---------------+----------------------------------+-----
Polearms       | 3 4 5 6 7 9 11 14 15 | 15.2
Armour         | 2 4 |  4.5
Dodging        | 3 5 |  5.5
Fighting       | 3 5 |  5.5
Throwing       | |  1.7

Action                   |  1- 3 |  4- 6 |  7- 9 | 10-12 || total
-------------------------+-------+-------+-------+-------++-------
Melee: Trident           |   110 |   293 |   684 |     4 ||  1091
       Headbutt          |       |       |    52 |    80 ||   132
       Halberd           |       |       |       |   471 ||   471
  Use: Scroll            |       |    11 |     6 |     4 ||    21
       Potion            |       |       |     6 |     3 ||     9
 Stab: Invisible         |       |     1 |       |       ||     1
  Eat: Ration            |       |     1 |     4 |     5 ||    10
       Chunk             |       |     4 |     5 |     6 ||    15
Armor: Leather armour    |    17 |    45 |       |       ||    62
       Ring mail         |       |    79 |   245 |   169 ||   493
Dodge: Dodged            |    44 |   195 |   334 |   239 ||   812
